 Dungeon Crawl Stone Soup version 0.29.1-12-g30fa7ad0bf (webtiles) character file.

Game seed: 518541605681439979

125 warriortoast the Shooter (level 4, 0/23 HPs)
             Began as a Spriggan Hunter on Jan 12, 2023.
             Succumbed to an adder's poison
             ... on level 3 of the Dungeon.
             The game lasted 00:09:56 (1954 turns).

warriortoast the Shooter (Spriggan Hunter)          Turns: 1954, Time: 00:09:57

Health: 0/23       AC:  3    Str:  7    XL:     4   Next: 82%
Magic:  5/5        EV: 19    Int: 10    God:
Gold:   105        SH:  0    Dex: 20    Spells: 3/3 levels left

rFire   . . .      SeeInvis +   a - +0 shortbow
rCold   . . .      Faith    .   (shield currently unavailable)
rNeg    . . .      Spirit   .   c - +0 robe
rPois   .          Reflect  .   (helmet restricted)
rElec   .          Harm     .   m - +0 cloak
rCorr   .          Rampage  .   (gloves unavailable)
Will    .....                   (boots unavailable)
Stlth   +++.......              (no amulet)
HPRegen 0.07/turn               (no ring)
MPRegen 0.09/turn               (no ring)

@: lethally poisoned (0 -> -6), very quick
A: very small, no large weapons, unfitting armour, see invisible, speed 3
a: no special abilities


You were on level 3 of the Dungeon.
You visited 1 branch of the dungeon, and saw 3 of its levels.

You collected 105 gold pieces.

Inventory:

Hand Weapons
 a - a +0 shortbow (weapon)
 n - a +0 short sword
 o - the +10 spear "Ruennuh" {vamp, rN+ Str+4}
   (You found it on level 3 of the Dungeon)

   It occasionally heals its wielder for a portion of the damage dealt when it
   wounds a living foe.
   Str:       It affects your strength (+4).
   rN:        It protects you from negative energy.
Armour
 c - a +0 robe (worn)
 m - a +0 cloak (worn)
Jewellery
 g - a ring of fire
Scrolls
 b - a scroll of immolation
 d - a scroll of vulnerability {unknown}
 e - a scroll of magic mapping
 f - a scroll of noise {unknown}
 k - a scroll of enchant weapon {unknown}
Potions
 h - a potion of berserk rage {unknown}
 i - a potion of curing {unknown}
 j - a potion of cancellation {unknown}
 l - a potion of brilliance {unknown}


   Skills:
 + Level 2.5 Fighting
 + Level 4.6 Ranged Weapons
 + Level 4.0 Dodging
 + Level 3.9 Stealth


You had 3 spell levels left.
You didn't know any spells.
Your spell library contained the following spells:

 Spells                   Type           Power      Damage    Failure   Level
 Summon Guardian Golem    Hex/Summ       0%         N/A       75%         3
 Corpse Rot               Necr/Pois/Air  0%         N/A       98%         4
 Dispel Undead            Necr           0%         3d6       98%         4
 Death Channel            Necr           0%         N/A       100%        6
 Orb of Destruction       Conj           0%         9d5       100%        7
 Spellforged Servitor     Conj/Summ      0%         N/A       100%        7


Dungeon Overview and Level Annotations

Branches:
Dungeon (3/15)

Altars:


Innate Abilities, Weirdness & Mutations

You are very small and have problems with some larger weapons.
You are too small for most types of armour.
You have supernaturally acute eyesight. (SInv)
You cover ground extremely quickly. (Speed+++)


Message History

You are too injured to fight recklessly!
Fire: a) +0 shortbow
Press: ? - help, Q - select action Shift-Dir - straight line, f/p - adder
Aim: an adder (severely wounded, 50% to hit)
You shoot an arrow. The arrow completely misses the adder.
The adder bites you but does no damage. The quokka closely misses you.
The kobold hits you but does no damage. The adder bites you.
Fire: a) +0 shortbow
Press: ? - help, Q - select action Shift-Dir - straight line, f/p - adder
Aim: an adder (severely wounded, 50% to hit)
You shoot an arrow. The arrow closely misses the adder.
The quokka closely misses you. The adder bites you.
The kobold barely misses you. The quokka misses you.
Fire: a) +0 shortbow
Press: ? - help, Q - select action Shift-Dir - straight line, f/p - adder
Aim: an adder (severely wounded, 50% to hit)
You shoot an arrow. The arrow closely misses the adder.
The adder closely misses you. The kobold misses you.
The quokka closely misses you. The adder misses you. The kobold misses you.
Fire: a) +0 shortbow
Press: ? - help, Q - select action Shift-Dir - straight line, f/p - adder
Aim: an adder (severely wounded, 50% to hit)
You shoot an arrow. The arrow misses the adder.
The adder bites you.
* * * LOW HITPOINT WARNING * * *
You are lethally poisoned!
The adder poisons you! The quokka barely misses you. The kobold misses you.
The quokka bites you but does no damage.
The adder completely misses you.
Unknown command.
Fire: a) +0 shortbow
Press: ? - help, Q - select action Shift-Dir - straight line, f/p - adder
Aim: an adder (severely wounded, 50% to hit)
You shoot an arrow. The arrow hits the adder!
You kill the adder!
* * * LOW HITPOINT WARNING * * *
You feel sick. The quokka completely misses you.
The kobold hits you but does no damage.
Your Dodging skill increases to level 4!
You die...

#......###o# *,,,,,,,* **,,,,*
#........#.# ***,,,,,,,***,,,,,*
..........o##*,+,,,_,,,+,,,,,,,*
..........##.,,*,,,,,,,****,,,,*
....⌠.....#.#***,,,,,,,******,**
..†.....g##.# **,,,,,**,* *,*
.........##.#####**+****,* *,**
........##....gr###.# *,****,,**
##......#.#.###K@†..#***,,,,^,,,*
,###...##...######......,,,,,,,,,
,,,###.#.......# **####.,**,**,,,
,,,,*#.#.......#**** *,,,*,*,,,,
,,,**#............,* *,*,,,,,*,,
,,,**#############,* **,**,,,**,,
,,,,* *,***,,,,,_,,,,, ,,,,*
*,,*,,,**,,,**,, ,,,,*
**,*,*,*,,,,,*,,


You could see a quokka, a goblin and a kobold.

Vanquished Creatures
  Crazy Yiuf (D:2)
  4 adders
  4 dart slugs
  3 ball pythons (D:1)
  4 endoplasms
  A giant cockroach (D:2)
  10 goblins
  5 hobgoblins
  A quokka (D:2)
  8 bats
  3 frilled lizards
  4 kobolds (D:1)
  3 rats
  A bush (D:2)
52 creatures vanquished.

Vanquished Creatures (others)
  3 plants (D:2)
3 creatures vanquished.

Grand Total: 55 creatures vanquished

Notes
Turn   | Place    | Note
-------+----------+-------------------------------------------
     0 | D:1      | warriortoast the Spriggan Hunter began the quest for the
                  | Orb.
     0 | D:1      | Reached XP level 1. HP: 10/10 MP: 2/2
   140 | D:1      | Reached XP level 2. HP: 15/15 MP: 3/3
   330 | D:1      | Reached XP level 3. HP: 18/18 MP: 4/4
   672 | D:2      | Reached XP level 4. HP: 6/23 MP: 5/5
  1122 | D:2      | Found a runed translucent door.
  1123 | D:2      | Noticed Crazy Yiuf
  1140 | D:2      | Killed Crazy Yiuf
  1872 | D:3      | Identified the +10 spear "Ruennuh" {vamp, rN+ Str+4}
  1954 | D:3      | Succumbed to an adder's poison

Illustrated notes

Levels and vault maps discovered:
D:1:      dpeg_arrival_shelter, layout_rooms, nicolae_titane
D:2:      layout_basic, serial_forest, infiniplex_forest_straight_2,
          infiniplex_forest_end_double, infiniplex_forest_diagonal,
          infiniplex_forest_end_3, infiniplex_forest_split,
          infiniplex_forest_end_3, uniq_crazy_yiuf_cottage
D:3:      minmay_skewed_foursquare, layout_rooms, nicolae_vehumet_altar_sigil,
          kennysheep_orc_sif_temple, mainiacjoe_overflow_small_starburst,
          gup_sewer_entry_bubbles, dreamdust_ecumenical_altar_angels_and_demons,
          ebering_ghost_gozag, uniq_robin

Skill      XL: |  1  2  3  4 |
---------------+-------------+-----
Stealth        | 2 3 |  3.9
Dodging        | 3 4 |  4.0
Fighting       | 2 |  2.5
Ranged Weapons | |  4.6

Action                   |  1- 3 |  4- 6 || total
-------------------------+-------+-------++-------
Melee: Short sword       |       |   247 ||   247
       Shortbow          |       |     8 ||     8
       Punch             |       |     4 ||     4
 Fire: Shortbow          |    80 |    50 ||   130
  Use: Scroll            |       |     1 ||     1
Armor: Robe              |       |    11 ||    11
Dodge: Dodged            |    15 |    55 ||    70
